 Dungeon Crawl Stone Soup version 0.26.0-15-gc6cd9f7 (webtiles) character file.

Game seed: 4238870475799690277

89670 bonscott the Fighter (level 15, -1/102 HPs)
             Began as a Vampire Warper on Jan 24, 2021.
             Was the Champion of Makhleb.
             Slain by Donald
             ... wielding a +4 eveningstar of holy wrath
              (14 damage)
             ... on level 1 of the Snake Pit.
             The game lasted 03:59:23 (31969 turns).

bonscott the Fighter (Vampire Warper)              Turns: 31969, Time: 03:59:25

Health: -1/102     AC: 23    Str: 22      XL:     15   Next: 50%
Magic:  28/28      EV: 14    Int: 17 (19) God:    Makhleb [******]
Gold:   723        SH: 11    Dex: 13      Spells: 7/33 levels left

rFire    . . .     SeeInvis +   j - +9 club (spect)
rCold    + . .     Faith    .   R - +1 buckler
rNeg     + . .     Spirit   .   W - +2 ring mail {rN+}
rPois    +         Reflect  +   f - +0 helmet "Hyotec" {Str+4}
rElec    .         Harm     .   L - +2 cloak
rCorr    .         Rampage  .   i - +1 pair of gloves
Will     +....                  O - +2 pair of boots
Stlth    ++........             X - amulet "Plog" {Reflect rC+ Str+4 SH+5}
HPRegen  0.47/turn              n - ring of poison resistance
MPRegen  0.21/turn              Q - +4 ring of protection

@: regenerating quickly
A: fangs 3, see invisible, deterioration 1, frail 1, unbreathing
a: Exsanguinate, Renounce Religion, Minor Destruction, Lesser Servant of
Makhleb, Major Destruction, Greater Servant of Makhleb


You were on level 1 of the Snake Pit.
You worshipped Makhleb.
Makhleb was exalted by your worship.
You visited 5 branches of the dungeon, and saw 23 of its levels.
You visited 1 bazaar.
You also visited: Volcano.

You collected 2687 gold pieces.
You spent 1964 gold pieces at shops.

Inventory:

Hand Weapons
 j - a +9 spectral club (weapon)
 x - a +3 antimagic long sword
 A - a +3 broad axe of draining
 N - a +3 dagger of venom
 S - a +2 trident of venom
Missiles
 e - 6 boomerangs of dispersal (quivered)
 o - 26 boomerangs
 u - 2 curare-tipped darts
 y - 8 atropa-tipped darts
 D - 130 sling bullets
 E - 33 poisoned darts
 F - 697 stones
 H - 8 javelins
 Y - 5 silver javelins
Armour
 f - the +0 helmet "Hyotec" (worn) {Str+4}
   (You found it on level 5 of the Dungeon)

   It affects your strength (+4).
 i - a +1 pair of gloves (worn)
 G - a +3 ring mail of fire resistance
 L - a +2 cloak (worn)
 O - a +2 pair of boots (worn)
 R - a +1 buckler (worn)
 W - a +2 ring mail of positive energy (worn)
Jewellery
 n - a ring of poison resistance (left hand)
 Q - a +4 ring of protection (right hand)
 X - the amulet "Plog" (around neck) {Reflect rC+ Str+4 SH+5}
   (You found it on level 6 of the Lair of Beasts)

   [amulet of reflection]

   It shields you and reflects attacks.
   It affects your strength (+4).
   It protects you from cold.
   It affects your SH (+5).
Wands
 a - a wand of disintegration (9)
 c - a wand of flame (33)
 Z - a wand of paralysis (15)
Scrolls
 d - 7 scrolls of blinking
 k - 3 scrolls of remove curse
 l - 3 scrolls of summoning
 m - 8 scrolls of fog
 q - a scroll of magic mapping
 s - 4 scrolls of fear
 w - a scroll of immolation
 z - 4 scrolls of identify
 J - a scroll of teleportation
 P - 3 scrolls of enchant weapon
Potions
 b - a potion of resistance
 g - 3 potions of heal wounds
 h - 3 potions of lignification
 p - 2 potions of flight
 B - 2 potions of magic
 C - 6 potions of curing
 I - 6 potions of haste
 M - 4 potions of cancellation
 U - a potion of brilliance
Miscellaneous
 t - a lightning rod (4/4)
 v - a phantom mirror (inert)


   Skills:
 + Level 9.6 Fighting
 - Level 5.2 Long Blades
 + Level 4.9(6.3) Axes
 - Level 5.6(6.4) Maces & Flails
 - Level 7.9 Throwing
 + Level 8.5 Armour
 - Level 6.0 Dodging
 - Level 5.0 Stealth
 + Level 6.8 Shields
 + Level 9.5 Spellcasting
 - Level 6.0 Hexes
 - Level 6.0 Necromancy
 - Level 4.0 Translocations
 + Level 5.3 Earth Magic
 + Level 8.5 Invocations
 - Level 6.4 Evocations


You had 7 spell levels left.
You knew the following spells:

 Your Spells              Type           Power        Failure   Level
a - Apportation           Tloc           42%          2%          1
d - Animate Dead          Necr           14%          11%         4
e - Gell's Gravitas       Tloc           10%          8%          3
l - Lesser Beckoning      Tloc           10%          8%          3
q - Blink                 Tloc           N/A          3%          2
r - Lee's Rapid Deconstr  Erth           13%          38%         5
t - Tukima's Dance        Hex            28%          3%          3
v - Borgnjor's Vile Clut  Necr/Erth      13%          34%         5

Your spell library contained the following spells:

 Spells                   Type           Power        Failure   Level
 Animate Skeleton         Necr           56%          1%          1
 Corona                   Hex            31%          1%          1
 Sandblast                Erth           52%          1%          1
 Confusing Touch          Hex            28%          3%          3
 Ensorcelled Hibernation  Hex/Ice        36%          6%          2
 Passwall                 Tmut/Erth      14%          7%          2
 Teleport Other           Tloc           21%          8%          3
 Dazzling Flash           Conj/Hex       36%          12%         3
 Magic Dart               Conj           32%          13%         1
 Summon Small Mammal      Summ           32%          13%         1
 Stone Arrow              Conj/Erth      34%          13%         3
 Searing Ray              Conj           16%          21%         2
 Passage of Golubria      Tloc           N/A          26%         4
 Fulminant Prism          Conj/Hex       9%           36%         4
 Petrify                  Tmut/Erth      17%          41%         4
 Iskenderun's Mystic Bla  Conj/Tloc      14%          50%         4
 Death Channel            Necr           14%          86%         6
 Simulacrum               Ice/Necr       9%           99%         6


Dungeon Overview and Level Annotations

Branches:
Dungeon (13/15)            Temple (1/1) D:6            Lair (6/6) D:8
 Shoals (0/4) Lair:2        Snake (1/4) Lair:2        Slime (0/5) Lair:6
    Orc (2/2) D:12            Elf (0/3) Orc:2       Volcano (visited)
 Vaults: D:13-14

Altars:
Ashenzari
Cheibriados
Dithmenos
Fedhas
Gozag
Hepliaklqana
Makhleb
Okawaru
Qazlal
Ru
Sif Muna
Trog
Vehumet
Zin
The Shining One
Beogh
Jiyva

Shops:
D:11 (   Orc:1 ?   Orc:2 *?[}:

Annotations:
D:2 Sigmund
Lair:4 3 runed translucent doors, Aricsoirch's ghost, journeyman GrFi; Kyusiynim's ghost, journeyman GnEn; Vufrucs's ghost, journeyman DrTm
Snake:1 Donald


Innate Abilities, Weirdness & Mutations

Your natural rate of healing is unusually fast.
You have razor-sharp teeth.
You have supernaturally acute eyesight. (SInv)
You can survive without breathing.
Your body sometimes deteriorates upon taking damage.
You are frail. (-10% HP)


Message History

Donald hits you with a +4 eveningstar of holy wrath.
You convulse.
* * * LOW HITPOINT WARNING * * *
Your ufetubus hits Donald but does no damage.
Donald blocks your ufetubus's attack. x2
Your ufetubus hits Donald but does no damage.
Your ufetubus hits Donald. x2
Your ufetubus hits Donald but does no damage.
Donald blocks your ufetubus's attack.
Your ynoxinul gestures at Donald.
The iron shot hits Donald!
Donald blocks your ufetubus's attack.
Your ufetubus hits Donald but does no damage.
Donald blocks your orange demon's attack.
You barely miss Donald. Your bite misses Donald.
Donald is heavily wounded.
Your ufetubus closely misses Donald.
Your ufetubus barely misses Donald.
Donald hits you with a +4 eveningstar of holy wrath!
* * * LOW HITPOINT WARNING * * *
You convulse!
You die...

#....#..(....#......
#.....)(.....#......
######.#(.(...#......
#......#......####.##
#....(.###.......###.
#.4.55## #####..## .
#..553## .## .
#.55@5.# ##
######5@.##
#........# #...)##..#
###.....#..#
#......##### ##.#.###
#)### #.# ###


You could see Donald (fast, strong, weak), a friendly orange demon (summoned), a
friendly ynoxinul (summoned) and 8 friendly ufetubi.

Vanquished Creatures
  Frances (Lair:2)
  Harold (D:7)
  Fannar (D:11)
  11 hydras
  A catoblepas (Lair:6)
  3 two-headed ogres
  A deep troll shaman (Lair:6)
  10 death yaks
  A centaur warrior (D:13)
  4 orc high priests
  Urug (D:11)
  A naga sharpshooter (Snake:1)
  Sonja (Lair:1)
  A naga ritualist (Snake:1)
  3 unseen horrors
  4 orc knights
  A lindwurm (Orc:2)
  7 orc sorcerers
  2 ugly things (D:11)
  2 manticores
  2 centaur zombies (D:12)
  Maurice (Orc:1)
  2 salamanders (Snake:1)
  14 elephants
  4 black mambas
  A naga mage (Snake:1)
  A molten gargoyle (Lair:6)
  2 torpor snails
  14 cane toads
  2 gargoyles
  3 kobold demonologists
  3 rime drakes
  12 komodo dragons
  Maggie (Lair:2)
  3 polar bears
  7 trolls
  Prince Ribbit (D:5)
  4 slime creatures
  27 blink frogs
  5 dream sheep (Lair:3)
  A vampire (D:12)
  A wraith (D:13)
  7 wyverns
  68 yaks
  A shadow (D:10)
  3 basilisks
  2 steam dragons
  Menkaure (D:4)
  12 nagas
  2 wargs (Orc:1)
  13 water moccasins
  5 black bears
  2 eyes of draining
  39 orc warriors
  5 ice beasts
  5 sky beasts
  17 wolves
  14 ogres
  A necrophage (D:12)
  10 centaurs
  4 big kobolds
  23 bullfrogs
  A gnoll sergeant (D:9)
  2 wyvern skeletons
  A scorpion (D:5)
  A killer bee (D:12)
  2 howler monkeys
  8 electric eels
  2 jellies
  6 bullfrog skeletons
  2 quasits
  Crazy Yiuf (D:3)
  18 orc priests
  2 centaur skeletons
  7 hounds
  5 iguanas
  Ijyb (D:3)
  21 orc wizards
  9 worker ants
  A worker ant zombie (D:9)
  Robin (D:3)
  11 gnolls
  13 adders
  3 shadow imps
  4 white imps
  2 ufetubi
  An ooze (D:3)
  2 adder skeletons
  An adder zombie (D:8)
  4 worms
  6 leopard geckos
  86 orcs
  6 bats
  3 giant cockroaches
  15 goblins
  13 hobgoblins
  3 jackals (D:9)
  3 quokkas
  A ball python (D:2)
  2 frilled lizards
  A jackal skeleton (D:5)
  16 kobolds
  A leopard gecko skeleton (D:8)
  A quokka zombie (D:4)
  10 rats
701 creatures vanquished.

Vanquished Creatures (collateral kills)
  4 orc knights
4 creatures vanquished.

Vanquished Creatures (others)
  An orc wizard (Orc:2)
  2 orcs (Orc:2)
  41 fungi
  69 plants
113 creatures vanquished.

Grand Total: 818 creatures vanquished

Notes
Turn   | Place    | Note
-------+----------+-------------------------------------------
     0 | D:1      | bonscott the Vampire Warper began the quest for the Orb.
     0 | D:1      | Reached XP level 1. HP: 16/16 MP: 3/3
   244 | D:1      | Reached XP level 2. HP: 19/22 MP: 5/5
   332 | D:1      | Reached skill level 1 in Stealth
   522 | D:1      | Reached skill level 1 in Armour
   779 | D:1      | Reached skill level 1 in Throwing
   790 | D:1      | Reached XP level 3. HP: 4/27 MP: 6/6
   872 | D:1      | Learned a level 2 spell: Blink
  1331 | D:2      | Reached XP level 4. HP: 33/33 MP: 7/7
  1506 | D:2      | Noticed Sigmund
  2105 | D:3      | Noticed Robin
  2262 | D:3      | Noticed Ijyb
  3081 | D:3      | Killed Ijyb
  3082 | D:3      | Reached XP level 5. HP: 38/38 MP: 8/8
  3278 | D:4      | Noticed an ogre
  3372 | D:4      | Found a blossoming altar of Fedhas.
  3372 | D:4      | Noticed Menkaure
  3485 | D:3      | Reached XP level 6. HP: 23/46 MP: 10/10
  3606 | D:3      | Killed Robin
  4023 | D:4      | Found a runed translucent door.
  4024 | D:4      | Noticed Crazy Yiuf
  4118 | D:3      | Killed Crazy Yiuf
  4192 | D:4      | HP: 1/46 [ogre/+0 giant club (26)]
  4194 | D:4      | Reached skill level 1 in Evocations
  4194 | D:4      | Reached XP level 7. HP: 2/51 MP: 11/11
  4464 | D:4      | Killed Menkaure
  4557 | D:5      | Entered Level 5 of the Dungeon
  4798 | D:5      | Got a heavily runed helmet
  4799 | D:5      | Identified the +0 helmet "Hyotec" {Str+4} (You found it on
                  | level 5 of the Dungeon)
  4982 | D:5      | Noticed Prince Ribbit
  5012 | D:5      | Killed Prince Ribbit
  5013 | D:5      | Reached XP level 8. HP: 40/58 MP: 11/13
  5616 | D:6      | Reached skill level 5 in Stealth
  5688 | D:6      | Reached skill level 1 in Shields
  5989 | D:6      | Found a staircase to the Ecumenical Temple.
  6012 | Temple   | Entered the Ecumenical Temple
  6086 | Temple   | Became a worshipper of Makhleb the Destroyer
  6091 | Temple   | Learned a level 3 spell: Lesser Beckoning
  6486 | D:7      | Reached XP level 9. HP: 64/65 MP: 15/15
  6562 | D:7      | Reached skill level 1 in Invocations
  6580 | D:7      | Noticed Harold
  6604 | D:7      | You fall into a shaft and drop 1 floor!
  6605 | D:8      | Noticed a troll
  6610 | D:8      | Found a stormy altar of Qazlal.
  6611 | D:8      | Noticed an unseen horror
  6757 | D:8      | Reached skill level 5 in Dodging
  6996 | D:8      | Found a staircase to the Lair.
  7139 | D:8      | Noticed a two-headed ogre
  7177 | D:8      | Found a snail-covered altar of Cheibriados.
  7188 | D:8      | HP: 2/65 [two-headed ogre/+0 giant spiked club (17)]
  7438 | D:7      | Noticed a troll
  7666 | D:6      | Reached * piety under Makhleb
  7744 | D:7      | Reached skill level 5 in Long Blades
  7904 | D:7      | Killed Harold
  7917 | D:6      | Reached XP level 10. HP: 48/73 MP: 17/17
  8944 | D:8      | Killed an unseen horror
  8945 | D:8      | Reached skill level 1 in Maces & Flails
  8945 | D:8      | Reached skill level 5 in Spellcasting
  9159 | D:8      | Reached skill level 5 in Fighting
  9478 | D:9      | Noticed a gargoyle
  9712 | D:8      | Reached ** piety under Makhleb
 10740 | Lair:1   | Entered Level 1 of the Lair of Beasts
 10798 | Lair:1   | Noticed a cane toad
 10806 | Lair:1   | Killed a cane toad
 10928 | Lair:1   | Reached XP level 11. HP: 57/80 MP: 12/19
 11269 | Lair:1   | Noticed Sonja
 11297 | Lair:1   | Killed Sonja
 11597 | Lair:1   | Reached skill level 5 in Throwing
 11597 | Lair:1   | Reached skill level 5 in Evocations
 11606 | Lair:1   | Learned a level 3 spell: Tukima's Dance
 11621 | Lair:1   | Reached *** piety under Makhleb
 11878 | Lair:2   | Noticed Maggie
 11887 | Lair:2   | Killed Maggie
 11902 | Lair:2   | Noticed a five-headed hydra
 12144 | D:9      | Found a broken altar of Ashenzari.
 12148 | D:9      | Saw a vision of the Shoals and the Snake Pit.
 12148 | D:9      | Noticed a mana viper
 12148 | D:9      | Noticed a mana viper
 12148 | D:9      | Noticed a sea snake
 12148 | D:9      | Noticed a mana viper
 12148 | D:9      | Noticed a naga ritualist
 12149 | D:9      | Noticed a shock serpent
 12229 | D:9      | Reached skill level 5 in Armour
 12372 | D:8      | Killed a two-headed ogre
 12445 | D:10     | Entered Level 10 of the Dungeon
 13277 | D:11     | Found a frozen archway.
 13294 | D:11     | Noticed Fannar
 13294 | D:11     | Noticed a two-headed ogre
 13311 | D:10     | Noticed a sun demon
 13437 | D:11     | Noticed an unseen horror
 13487 | D:11     | Noticed a cyan ugly thing
 13487 | D:11     | Noticed a red ugly thing
 13529 | D:10     | Killed a two-headed ogre
 13600 | D:11     | Noticed a soul eater
 13853 | D:11     | Noticed a soul eater
 13854 | D:11     | Noticed a sun demon
 13946 | D:11     | Found Soenut's Weapon Shoppe.
 14024 | D:11     | Killed an unseen horror
 14294 | D:11     | Killed Fannar
 14295 | D:11     | Reached skill level 5 in Invocations
 14339 | D:11     | Bought 3 silver javelins for 86 gold pieces
 14384 | D:11     | Killed a cyan ugly thing
 14396 | D:11     | Killed a cyan ugly thing
 14397 | D:11     | Reached XP level 12. HP: 89/89 MP: 19/21
 14445 | D:12     | Reached **** piety under Makhleb
 14491 | D:12     | Found a flickering gateway to a bazaar.
 14491 | D:12     | Noticed an eight-headed hydra
 14496 | Bazaar   | Entered a bazaar
 14503 | Bazaar   | Found Cuhinn's Distillery.
 14533 | Bazaar   | Found Dumocail's Weapon Shop.
 14546 | Bazaar   | Found Yzat's Gadget Shop.
 14546 | Bazaar   | Found Umea's Jewellery Boutique.
 14584 | Bazaar   | Bought a wand of paralysis (4) for 78 gold pieces
 14602 | Bazaar   | Bought a potion of haste for 90 gold pieces
 14604 | Bazaar   | Bought a potion of might for 36 gold pieces
 14604 | Bazaar   | Bought a potion of cancellation for 72 gold pieces
 14604 | Bazaar   | Bought a potion of cancellation for 72 gold pieces
 14604 | Bazaar   | Bought a potion of haste for 90 gold pieces
 14647 | Bazaar   | Bought a wand of flame (13) for 97 gold pieces
 15813 | D:12     | Noticed Urug
 16127 | D:12     | Found a staircase to the Orcish Mines.
 16151 | Orc:1    | Entered Level 1 of the Orcish Mines
 16173 | Orc:1    | Noticed a two-headed ogre
 16294 | D:12     | Reached skill level 1 in Hexes
 16310 | Orc:1    | Found Tousingy's Magic Scroll Shoppe.
 16446 | Orc:1    | Bought a scroll of summoning for 133 gold pieces
 16787 | D:11     | Killed an eight-headed hydra
 17000 | D:11     | Killed Urug
 17050 | D:12     | Killed a two-headed ogre
 17490 | Orc:1    | Noticed Maurice
 17490 | Orc:1    | Paralysed by Maurice for 2 turns
 17501 | Orc:1    | Killed Maurice
 17569 | Orc:1    | Bought a scroll of identify for 28 gold pieces
 17569 | Orc:1    | Bought a scroll of teleportation for 42 gold pieces
 17573 | Orc:2    | Entered Level 2 of the Orcish Mines
 17588 | Orc:1    | Reached skill level 5 in Maces & Flails
 17732 | Orc:1    | Reached ***** piety under Makhleb
 18004 | Orc:2    | Paralysed by an orc sorcerer for 7 turns
 18067 | Orc:1    | Reached XP level 13. HP: 96/96 MP: 22/24
 18125 | Orc:2    | Found a staircase to the Elven Halls.
 18169 | Orc:2    | Found a dark tunnel.
 18189 | Volcano  | Entered a volcano
 18482 | Orc:2    | Found Atystraf's General Store.
 18748 | Orc:2    | Found a roughly hewn altar of Beogh.
 19246 | Orc:1    | Reached skill level 5 in Hexes
 19738 | Orc:2    | Paralysed by an orc sorcerer for 2 turns
 19746 | Orc:2    | Paralysed by an orc sorcerer for 3 turns
 19754 | Orc:2    | Paralysed by an orc sorcerer for 5 turns
 20450 | Orc:2    | Found Fiwikar's Book Shoppe.
 20450 | Orc:2    | Found Iriplat's Magic Scroll Shoppe.
 20453 | Orc:2    | Found Hoaket's Gadget Shop.
 20460 | Orc:2    | Found Suichulo's Antique Armour Shop.
 21036 | Orc:2    | Bought a book of Unlife for 780 gold pieces
 21036 | Orc:2    | Bought a book of Cantrips for 240 gold pieces
 21042 | Orc:2    | Learned a level 5 spell: Borgnjor's Vile Clutch
 21044 | Orc:2    | Learned a level 1 spell: Apportation
 21135 | Orc:2    | Bought a scroll of blinking for 120 gold pieces
 21454 | Lair:2   | Found a staircase to the Shoals.
 21797 | Lair:2   | Reached skill level 1 in Necromancy
 21879 | Lair:2   | Reached skill level 1 in Earth Magic
 22012 | Lair:1   | Reached skill level 1 in Axes
 22142 | Lair:2   | Found a staircase to the Snake Pit.
 23291 | Lair:3   | Reached XP level 14. HP: 82/106 MP: 16/26
 23305 | Lair:3   | Reached skill level 5 in Shields
 23727 | Lair:3   | Reached ****** piety under Makhleb
 23767 | Lair:3   | Learned a level 4 spell: Animate Dead
 24173 | Lair:4   | Found a runed translucent gate.
 24283 | Lair:4   | Found a runed translucent gate.
 24284 | Lair:4   | Found a runed translucent gate.
 24286 | Lair:4   | Noticed Kyusiynim's ghost (journeyman GnEn)
 24286 | Lair:4   | Noticed Vufrucs's ghost (journeyman DrTm)
 24286 | Lair:4   | Noticed Aricsoirch's ghost (journeyman GrFi)
 26550 | Lair:6   | Entered Level 6 of the Lair of Beasts
 26920 | Lair:6   | Found a viscous altar of Jiyva.
 26920 | Lair:6   | Found a staircase to the Slime Pits.
 27783 | Lair:5   | Gained mutation: Your body sometimes deteriorates upon
                  | taking damage. [mutagenic glow]
 27799 | Lair:5   | Gained mutation: You are frail. (-10% HP) [mutagenic glow]
 28115 | Lair:5   | Reached skill level 5 in Necromancy
 28262 | Lair:5   | Reached XP level 15. HP: 93/101 MP: 21/28
 29866 | Lair:6   | Got a faintly glowing platinum amulet
 29882 | Lair:6   | Identified the amulet "Plog" {Reflect rC+ Str+4 SH+5} (You
                  | found it on level 6 of the Lair of Beasts)
 29950 | Lair:6   | Reached skill level 5 in Earth Magic
 30391 | D:13     | Learned a level 5 spell: Lee's Rapid Deconstruction
 30395 | D:13     | Learned a level 3 spell: Gell's Gravitas
 31231 | Snake:1  | Entered Level 1 of the Snake Pit
 31410 | Snake:1  | Noticed Frances
 31450 | Lair:2   | Killed Frances
 31715 | Snake:1  | Noticed Donald
 31969 | Snake:1  | Slain by Donald

Illustrated notes

Levels and vault maps discovered:
D:1:      shiori_arrival_maze, layout_basic
D:2:      layout_loops_cross, kennysheep_pointless_box, minmay_pentomino_s4,
          uniq_sigmund
D:3:      layout_loops_corners, uniq_robin, uniq_ijyb
D:4:      layout_loops_ring, kennysheep_mini, uniq_menkaure,
          uniq_crazy_yiuf_cottage
D:5:      layout_cave_pools, kennysheep_generic_room_7, uniq_prince_ribbit1
D:6:      layout_basic, temple_fountains
D:7:      layout_cave_pools, uniq_harold
D:8:      layout_basic, erik_lair_island, basic_altar, cheibrodos_worm_habitat
D:9:      layout_roguey, minivault_22, grunt_ashenzari_visionary
          [grunt_ashenzari_visionary_shoals, grunt_ashenzari_visionary_snake]
D:10:     layout_irregular_city
D:11:     layout_cross, serial_shops, shop, enter_bailey_8,
          portal_ice_cave_entry_pillars_1, uniq_fannar
D:12:     layout_cave_pods, david_orc_4, serial_shops, bzr_entry_islet,
          ebering_dispersal_statue_hall, st_stairs_3, uniq_urug
D:13:     layout_basic, gauntlet_entry_generic
Temple:   minmay_crystal_snake_temple
Lair:1:   layout_loops_ring, serial_bayou, serial_bayou_ford_a,
          serial_bayou_pond_e, serial_bayou_shore_b, serial_bayou_pond_b,
          uniq_sonja
Lair:2:   layout_gridlike, elwin_shoals_entry_rocks,
          minmay_snake_entry_guardpost_medium, disabler_island, uniq_maggie
Lair:3:   layout_hall_layers, patterned_corridor, grunt_megastairs_1,
          infiniplex_staircase_pool, lemuel_fruit_tree
Lair:4:   layout_regular_city, gammafunk_ghost_cemetery, st_stairs_9,
          guppyfry_lair_drakes, serial_bayou_shore_b, grunt_megastairs_2
Lair:5:   layout_gridlike, chequers_serial_rivers_small_a,
          minmay_stone_trees_large
Lair:6:   grunt_lair_end_beastmaster, layout_gridlike,
          dpeg_slime_entry_enclosed_altar
Snake:1:  layout_honeycomb, serial_bayou_pond_d, uniq_frances, uniq_donald,
          uniq_josephine
Orc:1:    layout_caves, serial_shops, shop, uniq_maurice
Orc:2:    st_orc_elflike, layout_diamond_mine, serial_shops, shop,
          nicolae_volcano_entry_vermiform, kennysheep_orc_chapel

Skill      XL: |  1  2  3  4  5  6  7  8  9 10 11 12 13 14 15 |
---------------+----------------------------------------------+-----
Stealth        | 1 2 3 4 5 |  5.0
Armour         | 1 2 3 4 5 6 7 8 |  8.5
Throwing       | 1 2 3 4 5 6 7 |  7.9
Fighting       | 2 3 4 5 6 7 8 9 |  9.6
Dodging        | 3 4 5 6 |  6.0
Long Blades    | 3 4 5 |  5.2
Translocations | 3 4 |  4.0
Spellcasting   | 3 4 5 6 7 8 9 |  9.5
Evocations     | 1 2 3 4 5 6 |  6.4
Shields        | 1 3 4 6 |  6.8
Invocations    | 2 3 5 6 7 8 |  8.5
Maces & Flails | 2 3 5 |  5.6
Hexes          | 4 6 |  6.0
Necromancy     | 2 5 6 |  6.0
Earth Magic    | 2 4 5 |  5.3
Axes           | 2 4 |  4.9

Action                   |  1- 3 |  4- 6 |  7- 9 | 10-12 | 13-15 || total
-------------------------+-------+-------+-------+-------+-------++-------
Melee: Falchion          |    89 |    96 |       |     8 |       ||   193
       Bite              |    10 |    22 |    40 |   177 |   233 ||   482
       Club              |       |   117 |   388 |  1243 |  1641 ||  3389
       Unarmed           |       |       |       |     4 |       ||     4
       Broad axe         |       |       |       |       |   100 ||   100
 Fire: Shortbow          |       |       |       |     4 |       ||     4
Throw: Stone             |     4 |     8 |    37 |    37 |    35 ||   121
       Boomerang         |     4 |       |       |    88 |   239 ||   331
       Javelin           |       |     7 |    11 |    14 |     5 ||    37
       Dart              |       |    15 |    20 |    27 |    31 ||    93
       Throwing net      |       |       |       |     2 |     5 ||     7
 Cast: Blink             |       |     2 |     6 |     5 |     8 ||    21
       Lesser Beckoning  |       |       |       |     9 |    10 ||    19
       Apportation       |       |       |       |       |    21 ||    21
Invok: Lesser Servant of |       |       |       |       |    12 ||    12
Evoke: Wand              |       |       |     4 |    10 |    12 ||    26
       Lightning rod     |       |       |       |     2 |     1 ||     3
       Phantom mirror    |       |       |       |     1 |     1 ||     2
  Use: Scroll            |     2 |     6 |     8 |    23 |    10 ||    49
       Potion            |       |     1 |     1 |     5 |     4 ||    11
 Stab: Sleeping          |     1 |     4 |     3 |     6 |     3 ||    17
       Distracted        |       |       |     1 |    18 |    25 ||    44
Armor: Leather armour    |    46 |    36 |       |       |       ||    82
       Ring mail         |       |    60 |   190 |   559 |   759 ||  1568
       Troll leather arm |       |       |       |    33 |       ||    33
       Skin              |       |       |       |     1 |       ||     1
Dodge: Dodged            |    95 |   153 |   399 |   832 |   938 ||  2417
Block: Buckler           |       |       |       |   353 |   578 ||   931
       Reflection        |       |       |       |       |    15 ||    15
       Rpst.: Falchion   |    41 |    17 |       |     2 |       ||    60
